cohdb
Replays
Latest Replays
All Replays
Popular Replays
Top Player Replays
Match Explorer
How It Works
Community
CoH3 Stats
Reddit
Sign in to upload your games and track your stats! →
Sign in with Steam
Match 47070106
Unlisted
Match 47070106
Overview
Messages
Build Orders
End
Construct Section Command Post
Vickers Machine Gun Team
Selects Heavy Armor Battlegroup
Vickers Machine Gun Team
Infantry Section
Grenade Package
Infantry Section
Selects Light Vehicle Withdraw and Refit
Construct Field Infirmary
Selects UNKNOWN (202330)
Construct Platoon Command Post
ML 3-inch Mortar Team
ML 3-inch Mortar Team
6-pounder Anti-tank Gun Team
6-pounder Anti-tank Gun Team
Infantry Section
Construct Company Command Post
Selects Rigorous Vehicle Training
Selects Forward Repair Assembly
Selects UNKNOWN (2162094)
Royal Engineer Section
Crusader AA Medium Tank
Royal Engineer Section
Selects Recon Artillery
CMP 15cwt Truck
Churchill IV Heavy Tank
Armored Vehicle Training
Churchill IV Heavy Tank
Royal Engineer Section
Royal Engineer Section
Churchill IV Heavy Tank
Shingles
Gunshy
Floki
Yayotastico
0
0
Comments
sign in to comment!
No comments posted yet!